 Dungeon Crawl Stone Soup version 0.25-a0-565-g8875c97ebb (webtiles) character file.

Game seed: 14090133221101328803, levelgen mode: deterministic

83 Flugslaktarn the Covered (level 4, -7/42 HPs)
             Began as a Deep Dwarf Fighter on Feb 26, 2020.
             Mangled by Menkaure (15 damage)
             ... on level 4 of the Dungeon.
             The game lasted 00:00:38 (437 turns).

Flugslaktarn the Covered (Deep Dwarf Fighter)        Turns: 437, Time: 00:00:39

Health: -7/42      AC:  7    Str: 21    XL:     4   Next: 22%
Magic:  4/4        EV:  5    Int:  8    God:
Gold:   32         SH: 14    Dex: 12    Spells: 3/3 levels left

rFire    . . .     SeeInvis .   a - +0 war axe
rCold    . . .     Gourm    .   h - +0 tower shield
rNeg     . . .     Faith    .   b - +0 scale mail
rPois    .         Spirit   .   (no helmet)
rElec    .         Reflect  .   (no cloak)
rCorr    .         Harm     .   (no gloves)
MR       .....                  (no boots)
Stlth    ..........             (no amulet)
HPRegen  0.00/turn              (no ring)
MPRegen  0.09/turn              (no ring)

@: non-regenerating
A: damage resistance, heal wounds, sense surroundings 1, no regeneration
a: Heal Wounds


You were on level 4 of the Dungeon.
You were not hungry.

You visited 1 branch of the dungeon, and saw 4 of its levels.

You collected 32 gold pieces.

Inventory:

Hand Weapons
 a - a +0 war axe (weapon)
Armour
 b - a +0 scale mail (worn)
 c - a +0 kite shield
 h - a +0 tower shield (worn)
   (You found it on level 1 of the Dungeon)
 n - a scarf of spirit shield
   (You found it on level 3 of the Dungeon)
Jewellery
 f - an uncursed ring of protection from magic {unknown}
   (You found it on level 1 of the Dungeon)
 o - an uncursed amulet of faith {unknown}
   (You found it on level 3 of the Dungeon)
Scrolls
 g - a scroll of blinking {unknown}
 j - a scroll of teleportation {unknown}
 m - a scroll of identify {unknown}
 p - a scroll of random uselessness {unknown}
Potions
 d - a potion of might
 i - a potion of curing {unknown}
 k - a potion of invisibility {unknown}
Comestibles
 e - 2 rations
 l - 9 chunks of flesh


   Skills:
 + Level 3.1 Fighting
 * Level 3.5 Axes
 + Level 3.8 Armour
 + Level 3.8 Shields


You had 3 spell levels left.
You didn't know any spells.
Your spell library was empty.

Dungeon Overview and Level Annotations

Branches:
Dungeon (4/15)
 Temple: D:4-7

Altars:

Annotations:
D:4 Menkaure


Innate Abilities, Weirdness & Mutations

You are resistant to damage.
You can heal yourself by infusing magical energy.
You passively map a small area around you.
You do not regenerate.


Message History

You hit the hound but do no damage.
The hound is heavily wounded.
You hit Menkaure. The hound bites you but does no damage. Menkaure hits you!
The hound bites you but does no damage. The orc barely misses you.
Menkaure mumbles some strange words.
Menkaure seems to speed up.
You hit Menkaure.
Menkaure is heavily damaged.
You miss the hound. You hit the orc. The hound bites you but does no damage.
You block the hound's attack. Menkaure barely misses you.
You block the orc's attack. The hound bites you but does no damage.
You slice the orc!!
You kill the orc!
You hit the hound. You hit Menkaure. You block Menkaure's attack.
The hound bites you but does no damage. Menkaure casts a spell at you.
Pain shoots through your body!
* * * LOW HITPOINT WARNING * * *
You block the hound's attack. Menkaure hits you!
You die...

, ######
#....###### ,
#.........#
#........<#
#.........# ,
#.........# ,
#...).....# ,
*#..M@.....# ,
......h).....#
........[....#
,
.............#
.............#
.........#####
.........# ,
.........# , ,


You could see Menkaure and a hound.

Vanquished Creatures
  4 gnolls (D:3)
  An adder (D:3)
  A dart slug (D:1)
  2 orcs
  A ball python (D:3)
  A goblin (D:3)
  5 hobgoblins
  7 jackals (D:3)
  2 bats
  4 kobolds
  3 rats
31 creatures vanquished.

Notes
Turn   | Place    | Note
-------+----------+-------------------------------------------
     0 | D:1      | Flugslaktarn the Deep Dwarf Fighter began the quest for the
                  | Orb.
     0 | D:1      | Reached XP level 1. HP: 20/20 MP: 1/1
   222 | D:3      | Reached XP level 2. HP: 27/27 MP: 2/2
   305 | D:3      | Reached XP level 3. HP: 23/33 MP: 3/3
   404 | D:3      | Reached XP level 4. HP: 34/42 MP: 0/4
   432 | D:4      | Noticed Menkaure
   437 | D:4      | Mangled by Menkaure

Levels and vault maps discovered:
D:1:      dpeg_arrival_central, layout_loops_ring, st_stairs_10,
          minmay_tiny_reverse_x
D:2:      layout_basic
D:3:      layout_basic, gammafunk_ghost_abyssal_escape,
          trog_three_pillars_becter, uniq_crazy_yiuf_cottage
D:4:      layout_gridville, first_ration, uniq_menkaure, uniq_pikel

Skill      XL: |  1  2  3 |
---------------+----------+-----
Axes           | 3 |  3.5
Fighting       | 3 |  3.1
Armour         | |  3.8
Shields        | |  3.8

Action                   |  1- 3 |  4- 6 || total
-------------------------+-------+-------++-------
Melee: War axe           |    73 |    13 ||    86
 Abil: Heal Wounds       |     1 |       ||     1
Armor: Scale mail        |    30 |    10 ||    40
Dodge: Dodged            |    16 |     3 ||    19
Block: Kite shield       |     8 |       ||     8
       Tower shield      |    67 |    15 ||    82

Table legend:
 A = Non-vault XP
 B = Vault XP
 C = Vault XP percentage of total XP
 D = Non-vault monster count
 E = Vault monster count
 F = Vault count percentage of total count
                 A         B        C        D         E       F
            +---------+---------+-------+---------+---------+-------
      Total |     119 |       0 |   0.0 |      31 |       0 |   0.0
            +---------+---------+-------+---------+---------+-------
        D:1 |       6 |       0 |   0.0 |       3 |       0 |   0.0
        D:2 |       4 |       0 |   0.0 |       3 |       0 |   0.0
        D:3 |     106 |       0 |   0.0 |      24 |       0 |   0.0
        D:4 |       3 |       0 |   0.0 |       1 |       0 |   0.0
            +---------+---------+-------+---------+---------+-------
